 Dungeon Crawl Stone Soup version 0.30.0-10-gfe55d96785 (webtiles) character file.

Game seed: 9310430171987371231

2 McKennaii the Conjurer (level 1, -5/14 HPs)
             Began as a Demigod Conjurer on May 14, 2023.
             Slain by a gnoll
             ... wielding a +0 flail
              (7 damage)
             ... on level 1 of the Dungeon.
             The game lasted 00:00:17 (147 turns).

McKennaii the Conjurer (Demigod Conjurer)            Turns: 147, Time: 00:00:18

Health: -5/14      AC:  2    Str:  8    XL:     1   Next: 20%
Magic:  1/5        EV: 12    Int: 20    God:
Gold:   28         SH:  0    Dex: 12    Spells: 2/3 levels left

rFire   . . .        (no weapon)
rCold   . . .        (no shield)
rNeg    . . .        a - +0 robe
rPois   .            (no helmet)
rElec   .            (no cloak)
rCorr   .            (no gloves)
SInv    .            (no boots)
Will    .....        (no amulet)
Stlth   ++           (no ring)
HPRegen 0.22/turn    (no ring)
MPRegen 0.09/turn

%: no passive effects
@: no status effects
A: high MP 1, forlorn, divine attributes
a: no special abilities


You were on level 1 of the Dungeon.
You visited 1 branch of the dungeon, and saw 1 of its levels.

You collected 28 gold pieces.

Inventory:

Armour
 a - a +0 robe (worn)
Potions
 b - a potion of magic
 c - a potion of curing {unknown}
 d - a potion of might {unknown}


   Skills:
 - Level 1.7 Dodging
 - Level 1.7 Stealth
 + Level 1.8 Spellcasting
 + Level 3.6 Conjurations


You had 2 spell levels left.
You knew the following spells:

 Your Spells              Type           Power      Damage    Failure   Level
a - Magic Dart            Conj           64%        1d6       3%          1

Your spell library contained the following spells:

 Spells                   Type           Power      Damage    Failure   Level
 Searing Ray              Conj           32%        2d5       5%          2
 Dazzling Flash           Conj/Hex       18%        N/A       22%         3
 Fulminant Prism          Conj/Hex       4%         3d5       58%         4
 Iskenderun's Mystic Bla  Conj/Tloc      9%         2d4       58%         4


Dungeon Overview and Level Annotations

Branches:
Dungeon (1/15)


Innate Abilities, Weirdness & Mutations

You have an increased reservoir of magic. (+10% MP)
You shall have no god before yourself.
Your divine heritage dramatically boosts your attributes as you level up.


Message History

A goblin comes into view. It is wielding a +0 club.
A frilled lizard comes into view.
You hear a shout! x2
You see here a +0 club.
You see here 6 stones.
A goblin is nearby!
The magic dart hits the goblin.
The goblin is moderately wounded.
The magic dart hits the goblin.
You kill the goblin!
The magic dart hits the gnoll.
The gnoll is moderately wounded.
The magic dart hits the gnoll.
The gnoll is moderately wounded.
The magic dart hits the gnoll.
The gnoll is moderately wounded.
You are out of magic!
You are out of magic!
The gnoll attacks as you move away! The gnoll closely misses you.
There is an open door here.
The gnoll barely misses you. The gnoll attacks as you move away!
The gnoll hits you with a +0 flail!
Ouch! That really hurt!
The gnoll attacks as you move away! The gnoll barely misses you.
The gnoll attacks as you move away! The gnoll hits you with a +0 flail.
* * * LOW HITPOINT WARNING * * *
The gnoll attacks as you move away! The gnoll hits you with a +0 flail.
* * * LOW HITPOINT WARNING * * *
The gnoll attacks as you move away! The gnoll closely misses you.
There is an open door here.
Casting: Magic Dart (safe; 3% risk of failure)
Confirm with . or Enter, or press ? or * to list all spells.
Aiming: Magic Dart (safe; 3% risk of failure)
Press: ? - help, Shift-Dir - straight line, f/p - gnoll
Aim: a gnoll, wielding a +0 flail (moderately wounded, 100% to hit)
The magic dart hits the gnoll but does no damage.
The gnoll is moderately wounded.
The gnoll hits you with a +0 flail!
Ouch! That really hurt!
You die...

## #~♣♣~~♣♣P~~♣♣~#.
#~P♣~~P♣P~~♣♣~#.
#~P♣~~.♣.~~P♣~#g
#~P♣~~).P~~♣♣~#.
#####~♣P~~~~~~~..~#.
#...#~♣P~.....~P.~#.
#...#~~~~g###.~~~~#.
#<.@gh.g..#§#.....'.
#...#~~~~.###.~~~~#.
#...#~P.~.....~.P~#.
#####~P♣~~~~~~~PP~#.
#~P.~~♣P♣~~P♣~#.
#~♣♣~~P..~~P♣~#.
#~P.~~PP♣~~.♣~#.
#~♣♣~~♣..~~♣♣~##
#~♣P~~PP♣~~P♣~#


You could see a gnoll, a jackal and 2 hobgoblins.

Vanquished Creatures
  An endoplasm (D:1)
  A goblin (D:1)
2 creatures vanquished.

Notes
Turn   | Place    | Note
-------+----------+-------------------------------------------
     0 | D:1      | McKennaii the Demigod Conjurer began the quest for the Orb.
     0 | D:1      | Reached XP level 1. HP: 14/14 MP: 5/5
   147 | D:1      | Slain by a gnoll

Illustrated notes

Levels and vault maps discovered:
D:1:      lightli_arrival_farm, layout_rooms,
          dreamdust_ecumenical_altar_hidden_monk_grotto, serial_shops, shop,
          st_stairs_6

Action                     || total
---------------------------++-------
   Cast: Magic Dart        ||     9
  Dodge: Dodged            ||     4
